 Dungeon Crawl Stone Soup version 0.21.1-1-g345015fe64 (webtiles) character file.

3 Nattfarinn the Caller (level 1, 6/13 HPs)
             Began as a Gnoll Wanderer on May 4, 2018.
             Quit the game on level 1 of the Dungeon.
             The game lasted 00:01:20 (137 turns).

Nattfarinn the Caller (Gnoll Wanderer)               Turns: 137, Time: 00:01:21

Health: 6/13       AC:  2    Str: 16    XL:     1   Next: 50%
Magic:  6/6        EV: 11    Int: 13    God:
Gold:   24         SH:  0    Dex: 13    Spells: 8/9 levels left

rFire    . . .     SeeInvis .   e - +0 club
rCold    . . .     Gourm    .   (no shield)
rNeg     . . .     Faith    .   d - +0 robe
rPois    .         Spirit   .   (no helmet)
rElec    .         Reflect  .   (no cloak)
rCorr    .         Harm     .   (no gloves)
MR       .....                  (no boots)
Stlth    +.........             (no amulet)
HPRegen  0.04/turn              (no ring)
MPRegen  0.10/turn              (no ring)

@: no status effects
A: distributed training, fangs 1, strong nose
a: no special abilities


You were on level 1 of the Dungeon.
You were not hungry.

You visited 1 branch of the dungeon, and saw 1 of its levels.

You collected 24 gold pieces.

Inventory:

Hand Weapons
 e - a +0 club (weapon)
Armour
 d - a +0 robe (worn)
 i - a +0 plate armour
Scrolls
 g - a scroll of identify {unknown}
 h - a scroll of remove curse {unknown}
Books
 a - a book of Changes

   Spells                             Type                      Level
   a - Beastly Appendage              Transmutation                1
   b - Sticks to Snakes               Transmutation                2
   c - Spider Form                    Transmutation/Poison         3
   d - Ice Form                       Ice/Transmutation            4
   e - Blade Hands                    Transmutation                5
 b - the Catalogue of the Voyage

   Spells                             Type                      Level
   a - Shroud of Golubria             Charms/Translocation         2
   b - Blink                          Translocation                2
 c - the Catalogue of Pragmatism

   Spells                             Type                      Level
   a - Summon Small Mammal            Summoning                    1
   b - Summon Guardian Golem          Hexes/Summoning              3
Comestibles
 f - 2 rations


   Skills:
 + Level 0.0 Fighting
 + Level 0.0 Short Blades
 + Level 0.0 Long Blades
 + Level 0.0 Axes
 + Level 0.0 Maces & Flails
 + Level 0.0 Polearms
 + Level 0.0 Staves
 + Level 0.0 Slings
 + Level 0.0 Bows
 + Level 0.0 Crossbows
 + Level 2.3 Throwing
 + Level 0.0 Armour
 + Level 0.0 Dodging
 + Level 0.0 Stealth
 + Level 2.3 Shields
 + Level 0.0 Unarmed Combat
 + Level 4.8 Spellcasting
 + Level 0.0 Conjurations
 + Level 0.0 Hexes
 + Level 0.0 Charms
 + Level 5.3 Summonings
 + Level 0.0 Necromancy
 + Level 0.0 Translocations
 + Level 1.9 Transmutations
 + Level 0.0 Fire Magic
 + Level 0.0 Ice Magic
 + Level 0.0 Air Magic
 + Level 0.0 Earth Magic
 + Level 3.6 Poison Magic
 + Level 0.1 Invocations
 + Level 0.0 Evocations


You had 8 spell levels left.
You knew the following spells:

 Your Spells              Type           Power        Failure   Level  Hunger
a - Summon Small Mammal   Summ           ###.         1%          1    None


Dungeon Overview and Level Annotations

Branches:
Dungeon (1/15)

Altars:


Innate Abilities, Weirdness & Mutations

Your experience applies equally to all skills.
You have very sharp teeth.
Your uncanny sense of smell can sniff out nearby items.


Message History

Your quokka's corpse disappears in a puff of smoke!
The kobold closely misses your bat.
Your bat hits the kobold but does no damage.
You swap places.
The kobold hits you.
You closely miss the kobold.
The kobold is heavily wounded.
The kobold hits you. The kobold hits you but does no damage.
You hit the kobold.
You kill the kobold!
You see here a kobold corpse.
You swap places.
You see here a kobold corpse.
Magic restored.
You now have 24 gold pieces (gained 5).
A rat comes into view.
A rat is nearby!
You are too injured to fight recklessly!
Quiver which item? (- for none, * to show all) (? for menu, Esc to quit)
Okay, then.
Are you sure you want to abandon this character and quit the game? (Confirm with "yes".)

##.........# ##
#######.#....## ####)#
....### #####....# .....
......#######..### ∆
.####....#.......#
.#.......#.#.# #.#
....#.#..#.#†# #.#
..#........#.###@##.#
....#......(...b....#
.#.###...###.###.>.....r
.#.# ##.## #.# ####.###.
...# ### #.# .# . #.# #
#.# ## #.# .## #.#


You could see a rat (sleeping) and a friendly bat.

Vanquished Creatures
  A kobold (D:1)
1 creature vanquished.

Vanquished Creatures (collateral kills)
  A kobold (D:1)
  A frilled lizard (D:1)
  A rat (D:1)
3 creatures vanquished.

Grand Total: 4 creatures vanquished

Notes
Turn   | Place    | Note
-------+----------+-------------------------------------------
     0 | D:1      | Nattfarinn the Gnoll Wanderer began the quest for the Orb.
     0 | D:1      | Nattfarinn set off with: a book of Changes, the Catalogue of the Voyage, the Catalogue of Pragmatism, a +0 robe, a +0 club, a ration
     0 | D:1      | Reached XP level 1. HP: 13/13 MP: 6/6
     0 | D:1      | Identified the Catalogue of the Voyage
     0 | D:1      | Identified the Catalogue of Pragmatism
    51 | D:1      | Learned a level 1 spell: Summon Small Mammal
   137 | D:1      | Quit the game

Action                   || total
-------------------------++-------
Melee: Club              ||     2
 Cast: Summon Small Mamm ||     5
Armor: Robe              ||     2
Dodge: Dodged            ||     4
